[Event "FIN-ch Seniors 50 2020"]
[Site "Helsinki"]
[Date "2020.09.24"]
[Round "1.1"]
[White "Hamalainen, Sami"]
[Black "Kumpulainen, Jari"]
[Result "1-0"]
[ECO "B16"]
[WhiteElo "2182"]
[BlackElo "1912"]
[Annotator "ChessBase"]
[PlyCount "126"]
[EventDate "2020.09.24"]
[EventType "tourn"]
[EventCountry "FIN"]
[SourceTitle "playchess.com"]
[Source "ChessBase"]
[SourceQuality "1"]
[TimeControl "40/5400+30:1800+30"]

1. e4 d5 2. exd5 Qxd5 3. Nc3 Qa5 4. d4 c6 5. Bc4 Nf6 6. Bd2 Bf5 7. Nf3 e6 8. Nd5 Qd8 9. Nxf6+ gxf6 10. Bf4 Nd7 11. Qe2 Nb6 12. Bb3 Nd5 13. Bd2 Qc7 14. Nh4 Bg6 15. O-O-O O-O-O 16. g3 Bb4 17. Bxb4 Nxb4 18. Qf3 Qe7 19. Rhe1 Kb8 20. a3 Nd5 21. Kb1 Rd7 22. Nxg6 hxg6 23. h4 Qd8 24. c3 f5 25. Bxd5 cxd5 26. Qf4+ Qc7 27. Qxc7+ Kxc7 28. Kc2 Kd6 29. Re2 Ke7 30. Rde1 Kf6 31. f4 Rc7 32. Kd3 Rhc8 33. Rc2 b5 34. b3 a5 35. Rec1 Ke7 36. c4 dxc4+ 37. bxc4 bxc4+ 38. Rxc4 Kd6 39. Rxc7 Rxc7 40. Rb1 Ra7 41. Rb5 Kd7 42. a4 Kd6 43. d5 e5 44. fxe5+ Kxe5 45. Kc4 Rc7+ 46. Rc5 Rb7 47. Rxa5 Rb1 48. Rb5 Rc1+ 49. Kb4 Rg1 50. a5 Rxg3 51. a6 Rg4+ 52. Ka5 Rxh4 53. a7 Rh8 54. Kb6 f4 55. Kc7 Ra8 56. d6+ Ke6 57. Ra5 f3 58. d7 f2 59. d8=Q Rxd8 60. Kxd8 f1=Q 61. a8=Q Qd3+ 62. Ke8 Kf6 63. Kf8 Ke6 1-0

[Event "FIN-ch Seniors 50 2020"]
[Site "Helsinki"]
[Date "2020.09.24"]
[Round "1.2"]
[White "Vainikainen, Tommi"]
[Black "Piho, Juha"]
[Result "1-0"]
[ECO "B22"]
[WhiteElo "1850"]
[BlackElo "1915"]
[Annotator "ChessBase"]
[PlyCount "115"]
[EventDate "2020.09.24"]
[EventType "tourn"]
[EventCountry "FIN"]
[SourceTitle "playchess.com"]
[Source "ChessBase"]
[SourceQuality "1"]
[TimeControl "40/5400+30:1800+30"]

1. e4 c5 2. c3 d5 3. exd5 Qxd5 4. d4 Nf6 5. Nf3 Bg4 6. Be2 Nc6 7. c4 Qf5 8. d5 Bxf3 9. Bxf3 Nd4 10. Na3 Nxf3+ 11. Qxf3 Qxf3 12. gxf3 a6 13. Be3 Nd7 14. f4 g6 15. Rd1 Bg7 16. b3 Bb2 17. Nb1 O-O 18. Rg1 b5 19. Nd2 Bc3 20. Ke2 f5 21. h4 bxc4 22. Nxc4 Rf6 23. h5 Re8 24. Rd3 Bd4 25. Bxd4 cxd4 26. Rxd4 e5 27. dxe6 Rfxe6+ 28. Kf3 R8e7 29. hxg6 hxg6 30. Ne3 Kf7 31. Nd5 Rd6 32. Rgd1 Re4 33. Rxe4 fxe4+ 34. Kxe4 Nf6+ 35. Ke5 Re6+ 36. Kd4 Re4+ 37. Kc5 Re2 38. Nxf6 Kxf6 39. Rd6+ Kf5 40. Rxa6 Rxf2 41. b4 Rxf4 42. b5 Rf2 43. Ra3 Rc2+ 44. Kd4 Rb2 45. Kc4 g5 46. Ra5 Ke4 47. Kc3 Rb1 48. Ra4+ Kf5 49. Rb4 Rc1+ 50. Kd2 Rc8 51. b6 Ke5 52. a4 Kd5 53. b7 Rb8 54. a5 Kc5 55. Rb1 Kc6 56. a6 Kc7 57. Rc1+ Kb6 58. Rc8 1-0

[Event "FIN-ch Seniors 50 2020"]
[Site "Helsinki"]
[Date "2020.09.24"]
[Round "1.3"]
[White "Salmenkivi, Eero"]
[Black "Lyly, Seppo"]
[Result "0-1"]
[ECO "C54"]
[WhiteElo "2053"]
[BlackElo "1880"]
[Annotator "ChessBase"]
[PlyCount "133"]
[EventDate "2020.09.24"]
[EventType "tourn"]
[EventCountry "FIN"]
[SourceTitle "playchess.com"]
[Source "ChessBase"]
[SourceQuality "1"]
[TimeControl "40/5400+30:1800+30"]

1. e4 e5 2. Nf3 Nc6 3. Bc4 Bc5 4. c3 Nf6 5. d4 exd4 6. cxd4 Bb4+ 7. Bd2 Bxd2+ 8. Nbxd2 O-O 9. d5 Ne7 10. O-O d6 11. Nd4 Ng6 12. Rc1 Re8 13. Re1 Ng4 14. h3 N4e5 15. Bf1 Bd7 16. g3 f6 17. f4 Nf7 18. Kh2 Nh6 19. Qc2 Rc8 20. Bd3 c6 21. dxc6 bxc6 22. Nc4 Qc7 23. Qb3 Rb8 24. Qa3 c5 25. Ne3 Qb6 26. Nb3 Be6 27. Bc4 Bxc4 28. Nxc4 Qc7 29. Qa5 Qe7 30. Qd2 Rbd8 31. Rcd1 Nf7 32. Qd5 Kh8 33. h4 Nf8 34. Nbd2 Ne6 35. Nf3 Rb8 36. b3 Rbd8 37. Qd3 Qc7 38. Ne3 Qa5 39. Rd2 Nc7 40. g4 Qb4 41. Nd5 Nxd5 42. Qxd5 Nh6 43. Kg3 Ng8 44. Qd3 a5 45. Rc2 d5 46. e5 fxe5 47. fxe5 Nh6 48. Rg1 Qxg4+ 49. Kf2 Qf4 50. Ke1 c4 51. Qe2 cxb3 52. axb3 Qb4+ 53. Nd2 Qxh4+ 54. Kd1 d4 55. Qg2 Re7 56. Kc1 d3 57. Rc6 Qd4 58. Kb1 Qxe5 59. Rgc1 a4 60. Rc8 Rg8 61. Rxg8+ Nxg8 62. bxa4 Qd4 63. Rc4 Re1+ 64. Ka2 Qa1+ 65. Kb3 Qd1+ 66. Kc3 Re2 67. Qf1 0-1

[Event "FIN-ch Seniors 50 2020"]
[Site "Helsinki"]
[Date "2020.09.24"]
[Round "1.4"]
[White "Salmi, Ilkka"]
[Black "Salimaki, Janne"]
[Result "0-1"]
[ECO "A22"]
[WhiteElo "1870"]
[BlackElo "2092"]
[Annotator "NA"]
[PlyCount "92"]
[EventDate "2020.09.24"]
[EventType "tourn"]
[EventCountry "FIN"]
[SourceTitle "playchess.com"]
[Source "ChessBase"]
[SourceQuality "1"]
[TimeControl "40/5400+30:1800+30"]

1. c4 Nf6 2. Nc3 e5 3. g3 Bb4 4. Bg2 O-O 5. e3 Re8 6. Nge2 c6 7. a3 Bf8 8. e4 Na6 9. O-O Nc5 10. d3 a5 11. f4 d6 12. Qc2 a4 13. Bd2 Nb3 14. Rab1 Qb6+ 15. Kh1 Ng4 16. Nd1 Nxd2 17. Qxd2 Qa5 18. Nec3 Qc5 19. h3 Nf6 20. Ne3 Be7 21. Rbd1 Bd8 22. Ne2 Bb6 23. d4 exd4 24. Nxd4 Nxe4 25. Bxe4 Rxe4 26. Nec2 Bxh3 27. Rfe1 Rxe1+ 28. Rxe1 Qxc4 29. Qe3 Qd5+ 30. Qf3 Qxf3+ 31. Nxf3 Kf8 32. Kh2 Bg4 33. Nh4 Re8 34. Rxe8+ Kxe8 35. Kg2 d5 36. Kf1 Bc5 37. Ke1 b5 38. Ng2 Bf5 39. Nge3 Be4 40. Kd2 h5 41. Nb4 Kd7 42. Ke2 f6 43. Nd1 Bd4 44. Nc3 g5 45. Nd3 Bxd3+ 46. Kxd3 Bxc3 0-1

[Event "FIN-ch Seniors 50 2020"]
[Site "Helsinki"]
[Date "2020.09.25"]
[Round "2.2"]
[White "Lyly, Seppo"]
[Black "Salmi, Ilkka"]
[Result "1-0"]
[ECO "A14"]
[WhiteElo "1880"]
[BlackElo "1870"]
[Annotator "NA"]
[PlyCount "57"]
[EventDate "2020.09.24"]
[EventType "tourn"]
[EventCountry "FIN"]
[SourceTitle "playchess.com"]
[Source "ChessBase"]
[SourceQuality "1"]
[TimeControl "40/5400+30:1800+30"]

1. Nf3 d5 2. c4 e6 3. g3 Nf6 4. Bg2 Be7 5. O-O O-O 6. b3 c6 7. Bb2 Nbd7 8. d3 Qb6 {[%emt 0:03:45] A14: English Opening: 1...e6 with b3 by White.} 9. Nbd2 {[%emt 0:01:58] [#]} c5 $146 ({Predecessor:} 9... Rd8 10. Qc2 Ne8 11. e4 dxe4 12. dxe4 f6 13. e5 f5 14. Rfd1 Nf8 15. a3 c5 16. Rac1 {1-0 (32) Vavrinec,T (1927)-Hozda,M (1630) Ricany 2020}) 10. cxd5 exd5 11. Rc1 Qd6 12. d4 ({Better is} 12. e4 $16) 12... b6 13. Ba3 Qe6 14. Re1 Bb7 15. Ng5 Qf5 16. h4 Ng4 17. Nh3 Ngf6 18. Nf4 g5 19. hxg5 Qxg5 20. e4 dxe4 21. Nxe4 Bxe4 22. Bxe4 Bd6 23. Nh3 Qh6 24. Bxa8 Qxh3 25. Bg2 Qf5 26. Qf3 Qg5 (26... Qxf3 $142 27. Bxf3 Re8 28. Rxe8+ Nxe8) 27. Rcd1 Ng4 28. dxc5 Qh5 (28... Bxc5 $142 29. Bxc5 (29. Rxd7 Bxf2+ 30. Qxf2 Nxf2 $11) 29... Nxc5) 29. Rxd6 $18 1-0

[Event "FIN-ch Seniors 50 2020"]
[Site "Helsinki"]
[Date "2020.09.25"]
[Round "3.1"]
[White "Vainikainen, Tommi"]
[Black "Kumpulainen, Jari"]
[Result "1/2-1/2"]
[ECO "B01"]
[WhiteElo "1850"]
[BlackElo "1912"]
[Annotator "NA"]
[PlyCount "67"]
[EventDate "2020.09.24"]
[EventType "tourn"]
[EventCountry "FIN"]
[SourceTitle "playchess.com"]
[Source "ChessBase"]
[SourceQuality "1"]
[TimeControl "40/5400+30:1800+30"]

1. e4 d5 2. exd5 Qxd5 3. Nc3 Qa5 4. d4 c6 5. Nf3 Nf6 6. Be2 Bf5 7. O-O e6 8. Bf4 Nbd7 9. a3 h6 10. Re1 Be7 11. Bd3 Bxd3 12. Qxd3 O-O 13. Ne4 Nxe4 14. Rxe4 Nf6 15. Re5 Qd8 16. Bd2 $15 Bd6 17. Ree1 Qc7 18. Ne5 c5 19. Qg3 Kh7 20. Qh4 Be7 21. dxc5 Qxc5 22. Bb4 Qc7 23. Bxe7 Qxe7 24. c4 Qc7 25. b4 Rad8 26. Qg3 Kg8 27. c5 Rd4 28. Rad1 Ne4 29. Qe3 Rxd1 30. Rxd1 Nf6 31. Nc4 Nd5 32. Ne5 Nf6 33. Qb3 a5 34. Qf3 1/2-1/2

[Event "FIN-ch Seniors 50 2020"]
[Site "Helsinki"]
[Date "2020.09.25"]
[Round "3.2"]
[White "Salmenkivi, Eero"]
[Black "Hamalainen, Sami"]
[Result "0-1"]
[ECO "C02"]
[WhiteElo "2053"]
[BlackElo "2182"]
[Annotator "NA"]
[PlyCount "78"]
[EventDate "2020.09.24"]
[EventType "tourn"]
[EventCountry "FIN"]
[SourceTitle "playchess.com"]
[Source "ChessBase"]
[SourceQuality "1"]
[TimeControl "40/5400+30:1800+30"]

1. e4 e6 2. d4 d5 3. e5 c5 4. c3 Nc6 5. Nf3 Qb6 6. Be2 Nge7 7. Na3 cxd4 8. cxd4 Nf5 9. Nc2 Bb4+ 10. Kf1 Be7 11. g4 Nh4 12. Nxh4 Bxh4 13. Kg2 Bd7 14. f4 O-O-O 15. b4 Be7 16. b5 Na5 17. a4 Kb8 18. Qd3 Rc8 19. Be3 g6 20. Rhc1 Rc4 21. Na3 Rxa4 22. Bf2 Bxa3 23. Rxa3 Bxb5 24. Rxa4 Bxd3 25. Bxd3 Rc8 26. Rb1 Qc7 27. Be1 Nc4 28. Kf3 Qc6 29. Rba1 a6 30. Rb4 b5 31. Rb3 Kb7 32. Ra2 Qb6 33. Bc3 Ra8 34. Rb1 a5 35. Bxc4 dxc4 36. Rxb5 Qxb5 37. Rb2 Qxb2 38. Bxb2 Kc6 39. f5 Rb8 0-1

[Event "FIN-ch Seniors 50 2020"]
[Site "Helsinki"]
[Date "2020.09.25"]
[Round "3.3"]
[White "Salmi, Ilkka"]
[Black "Piho, Juha"]
[Result "0-1"]
[ECO "A36"]
[WhiteElo "1870"]
[BlackElo "1915"]
[Annotator "NA"]
[PlyCount "86"]
[EventDate "2020.09.24"]
[EventType "tourn"]
[EventCountry "FIN"]
[SourceTitle "playchess.com"]
[Source "ChessBase"]
[SourceQuality "1"]
[TimeControl "40/5400+30:1800+30"]

1. e4 c5 2. c4 Nc6 3. Nc3 g6 4. g3 Bg7 5. Bg2 d6 6. Nge2 Nf6 7. a3 Ne5 8. d3 Bg4 9. f4 Nc6 10. h3 Bd7 11. O-O e6 12. Rb1 O-O 13. b4 Nd4 ({Black should try} 13... b6 $14) 14. bxc5 dxc5 15. Nxd4 ({But not} 15. Rxb7 $6 Bc6 $16) (15. e5 $18) 15... cxd4 16. Ne2 Bc6 17. e5 $16 Ne8 18. Bb2 Bxg2 19. Kxg2 Qd7 20. Bxd4 f6 21. Qb3 fxe5 22. fxe5 b6 23. Rxf8+ Bxf8 24. Rf1 Nc7 25. Be3 Rc8 26. d4 b5 27. cxb5 Nxb5 28. a4 Nc7 29. Nf4 Qc6+ 30. Kg1 Nd5 31. Nxd5 exd5 32. Rc1 Qxc1+ 33. Bxc1 Rxc1+ 34. Kf2 Rc4 35. Ke3 Bb4 36. Kd3 a5 37. Qxc4 dxc4+ 38. Kxc4 Kf7 39. d5 Ke7 40. g4 Kd7 41. h4 h5 42. gxh5 gxh5 43. Kb5 Bc3 0-1

[Event "FIN-ch Seniors 50 2020"]
[Site "Helsinki"]
[Date "2020.09.25"]
[Round "3.4"]
[White "Salimaki, Janne"]
[Black "Lyly, Seppo"]
[Result "1-0"]
[ECO "B74"]
[WhiteElo "2092"]
[BlackElo "1880"]
[Annotator "NA"]
[PlyCount "81"]
[EventDate "2020.09.24"]
[EventType "tourn"]
[EventCountry "FIN"]
[SourceTitle "playchess.com"]
[Source "ChessBase"]
[SourceQuality "1"]
[TimeControl "40/5400+30:1800+30"]

1. e4 c5 2. Nf3 d6 3. d4 cxd4 4. Nxd4 Nf6 5. Nc3 a6 6. Nb3 $11 g6 7. Be2 Bg7 8. O-O O-O 9. f4 Nc6 10. Be3 b5 11. Bf3 Bb7 12. Qd2 Rc8 13. Nd5 Nd7 14. c3 e6 15. Nb4 Nxb4 16. cxb4 Nb6 17. Na5 Nc4 18. Nxc4 Rxc4 19. Rac1 Qa8 20. Rxc4 bxc4 21. Bd4 e5 22. fxe5 dxe5 23. Bc5 Rd8 24. Qc2 Bc6 25. Rf2 Rd7 26. Qxc4 Bb5 27. Qb3 Rd3 28. Qc2 Qd8 29. a4 Bc6 30. Qc4 Bxa4 31. Qxa6 Bd1 32. Bxd1 Rxd1+ 33. Rf1 Rxf1+ 34. Kxf1 Qd1+ 35. Kf2 h5 36. Qe2 Qc1 37. Be3 Qc6 38. Qd3 Qf6+ 39. Kg1 Bf8 40. b5 Qh4 41. g3 1-0

[Event "FIN-ch Seniors 50 2020"]
[Site "Helsinki"]
[Date "2020.09.26"]
[Round "4.2"]
[White "Piho, Juha"]
[Black "Salimaki, Janne"]
[Result "1-0"]
[ECO "B23"]
[WhiteElo "1915"]
[BlackElo "2092"]
[Annotator "ChessBase"]
[PlyCount "71"]
[EventDate "2020.09.24"]
[EventType "tourn"]
[EventCountry "FIN"]
[SourceTitle "playchess.com"]
[Source "ChessBase"]
[SourceQuality "1"]
[TimeControl "40/5400+30:1800+30"]

1. e4 c5 2. Bc4 Nc6 3. f4 e6 4. Nc3 Nge7 5. Nf3 d5 6. exd5 exd5 7. Be2 Ng6 8. d4 cxd4 9. Nb5 Bb4+ 10. c3 dxc3 11. bxc3 a6 12. Qxd5 axb5 13. Qxd8+ Kxd8 14. cxb4 Nxb4 15. O-O Rxa2 16. Rd1+ Kc7 17. Rxa2 Nxa2 18. Bb2 f6 19. Bxb5 Nxf4 20. Bc4 Nb4 21. Ba3 Nxg2 22. Kxg2 Nc6 23. Bd6+ Kd8 24. Bf8+ Kc7 25. Bxg7 Rd8 26. Rxd8 Kxd8 27. Bxf6+ Ke8 28. Nd4 Nxd4 29. Bxd4 Kf8 30. Kg3 Bd7 31. Kf4 b5 32. Bd5 Bh3 33. Kg5 b4 34. Kh6 Bf5 35. Bc5+ Ke8 36. Bxb4 1-0

[Event "FIN-ch Seniors 50 2020"]
[Site "Helsinki"]
[Date "2020.09.26"]
[Round "4.3"]
[White "Hamalainen, Sami"]
[Black "Salmi, Ilkka"]
[Result "1-0"]
[ECO "C54"]
[WhiteElo "2182"]
[BlackElo "1870"]
[Annotator "NA"]
[PlyCount "56"]
[EventDate "2020.09.24"]
[EventType "tourn"]
[EventCountry "FIN"]
[SourceTitle "playchess.com"]
[Source "ChessBase"]
[SourceQuality "1"]
[TimeControl "40/5400+30:1800+30"]

1. e4 e5 2. Nf3 Nc6 3. Bc4 Bc5 4. c3 Nf6 5. d4 exd4 6. cxd4 Bb4+ 7. Bd2 Bxd2+ 8. Nbxd2 O-O 9. e5 Ne8 10. O-O d6 11. Qe2 dxe5 12. dxe5 Nd4 13. Qe4 Nxf3+ 14. Nxf3 c6 15. Rad1 Qe7 16. Rfe1 Be6 17. Bxe6 fxe6 18. h4 Nc7 19. Rd6 h6 20. Red1 Nd5 21. Qg6 Rae8 22. Nd4 Qf7 23. Qxf7+ Kxf7 24. Rd3 Nc7 25. Rd7+ Re7 26. Rxc7 Rd8 27. Rxe7+ Kxe7 28. Rd2 Ke8 1-0

[Event "FIN-ch Seniors 50 2020"]
[Site "Helsinki"]
[Date "2020.09.26"]
[Round "4.4"]
[White "Vainikainen, Tommi"]
[Black "Salmenkivi, Eero"]
[Result "0-1"]
[ECO "B22"]
[WhiteElo "1850"]
[BlackElo "2053"]
[Annotator "NA"]
[PlyCount "82"]
[EventDate "2020.09.24"]
[EventType "tourn"]
[EventCountry "FIN"]
[SourceTitle "playchess.com"]
[Source "ChessBase"]
[SourceQuality "1"]
[TimeControl "40/5400+30:1800+30"]

1. e4 c5 2. c3 Nf6 3. e5 Nd5 4. d4 cxd4 5. cxd4 Nc6 6. Nf3 d6 7. Bc4 Nb6 8. Bxf7+ Kxf7 9. Ng5+ Kg8 10. e6 Qe8 11. Qf3 Nd8 12. d5 h6 13. Nh3 Nxd5 14. Qxd5 Bxe6 15. Qe4 Qf7 16. Nc3 Nc6 17. Nf4 Bf5 18. Qa4 e5 19. Nfe2 d5 20. O-O a6 21. Ng3 Bd3 22. Rd1 Nb4 23. Rxd3 Nxd3 24. Qc2 Bc5 25. Nd1 e4 26. Be3 Bxe3 27. Nxe3 Kh7 28. f3 Ne5 29. fxe4 d4 30. Rf1 Qe6 31. Nd5 Rac8 32. Qd2 d3 33. Nc3 g6 34. Rf4 Rcf8 35. Nd5 Kg7 36. Qc3 Rc8 37. Qd4 Rc4 38. Qe3 Qd6 39. Nh5+ gxh5 40. Qg3+ Qg6 41. Rg4 Nxg4 0-1

[Event "FIN-ch Seniors 50 2020"]
[Site "Helsinki"]
[Date "2020.09.26"]
[Round "5.1"]
[White "Salmenkivi, Eero"]
[Black "Kumpulainen, Jari"]
[Result "1/2-1/2"]
[ECO "C02"]
[WhiteElo "2053"]
[BlackElo "1912"]
[Annotator "ChessBase"]
[PlyCount "61"]
[EventDate "2020.09.24"]
[EventType "tourn"]
[EventCountry "FIN"]
[SourceTitle "playchess.com"]
[Source "ChessBase"]
[SourceQuality "1"]
[TimeControl "40/5400+30:1800+30"]

1. e4 c5 2. c3 Nc6 3. d4 cxd4 4. cxd4 e6 5. Nf3 d5 6. e5 Nge7 7. Na3 Ng6 8. Nc2 Be7 9. Bd3 Bd7 10. a3 O-O 11. h4 f5 12. exf6 Bxf6 13. Bxg6 hxg6 14. Qd3 Be8 15. Bg5 Rc8 16. Rd1 Qc7 17. Ne3 Qa5+ 18. b4 Qc7 19. Ng4 Ne7 20. Nge5 Qc3+ 21. Qxc3 Rxc3 22. Bc1 Ba4 23. Bb2 Rc2 24. Rd2 Rfc8 25. Ke2 Nf5 26. Rhd1 Bxe5 27. dxe5 Rxb2 28. Rxb2 Bxd1+ 29. Kxd1 Rc3 30. Ra2 Rc8 31. Rd2 1/2-1/2

[Event "FIN-ch Seniors 50 2020"]
[Site "Helsinki"]
[Date "2020.09.26"]
[Round "5.2"]
[White "Salmi, Ilkka"]
[Black "Vainikainen, Tommi"]
[Result "0-1"]
[ECO "C55"]
[WhiteElo "1870"]
[BlackElo "1850"]
[Annotator "NA"]
[PlyCount "84"]
[EventDate "2020.09.24"]
[EventType "tourn"]
[EventCountry "FIN"]
[SourceTitle "playchess.com"]
[Source "ChessBase"]
[SourceQuality "1"]
[TimeControl "40/5400+30:1800+30"]

1. e4 e5 2. Nf3 Nf6 3. Nc3 Nc6 4. Bc4 Nxe4 5. Bxf7+ Kxf7 6. Nxe4 d5 7. Neg5+ Kg8 8. d3 h6 9. Nh3 Bg4 10. Be3 Bd6 11. Qc1 Qf6 12. Nfg1 Re8 13. f3 Bh5 14. Qd2 e4 15. O-O-O d4 16. dxe4 dxe3 17. Qxe3 Bf7 18. Ne2 Be5 19. Qa3 Kh7 20. f4 Bd6 21. Qa4 Qe6 22. e5 Bc5 23. Kb1 Nb4 24. Nc3 Rd8 25. a3 Na2 26. Ne4 Be7 27. b3 Bg6 28. Kxa2 b5 29. Qb4 a5 30. Nc5 Qb6 31. Qc3 Bxc5 32. Qb2 b4 33. Rxd8 Rxd8 34. g4 Bd4 35. Qb1 Be4 36. Re1 Qc6 37. Re2 Bc3 38. g5 Bd2 39. Rxe4 Qxe4 40. c4 Qxb1+ 41. Kxb1 Be3 42. e6 Kg6 0-1

[Event "FIN-ch Seniors 50 2020"]
[Site "Helsinki"]
[Date "2020.09.26"]
[Round "5.3"]
[White "Salimaki, Janne"]
[Black "Hamalainen, Sami"]
[Result "1/2-1/2"]
[ECO "B33"]
[WhiteElo "2092"]
[BlackElo "2182"]
[Annotator "ChessBase"]
[PlyCount "31"]
[EventDate "2020.09.24"]
[EventType "tourn"]
[EventCountry "FIN"]
[SourceTitle "playchess.com"]
[Source "ChessBase"]
[SourceQuality "1"]
[TimeControl "40/5400+30:1800+30"]

1. d4 e6 2. Nf3 c5 3. e4 cxd4 4. Nxd4 Nf6 5. Nc3 Nc6 6. Ndb5 d6 7. Bf4 e5 8. Bg5 a6 9. Na3 b5 10. Nd5 Be7 11. Bxf6 Bxf6 12. c3 O-O 13. Nc2 Bg5 14. a4 bxa4 15. Rxa4 Bb7 16. Bd3 1/2-1/2

[Event "FIN-ch Seniors 50 2020"]
[Site "Helsinki"]
[Date "2020.09.26"]
[Round "5.4"]
[White "Lyly, Seppo"]
[Black "Piho, Juha"]
[Result "1/2-1/2"]
[ECO "B38"]
[WhiteElo "1880"]
[BlackElo "1915"]
[Annotator "ChessBase"]
[PlyCount "41"]
[EventDate "2020.09.24"]
[EventType "tourn"]
[EventCountry "FIN"]
[SourceTitle "playchess.com"]
[Source "ChessBase"]
[SourceQuality "1"]
[TimeControl "40/5400+30:1800+30"]

1. e4 c5 2. Nf3 g6 3. d4 cxd4 4. Nxd4 Bg7 5. c4 Nc6 6. Be3 Nf6 7. Nc3 O-O 8. Be2 d6 9. f3 Nxd4 10. Bxd4 Be6 11. Rc1 a6 12. Qd2 Rc8 13. b3 Nd7 14. Be3 f5 15. exf5 gxf5 16. f4 Kh8 17. O-O Nf6 18. Bd4 Nd7 19. Be3 Nf6 20. Bd4 Nd7 21. Be3 1/2-1/2

[Event "FIN-ch Seniors 50 2020"]
[Site "Helsinki"]
[Date "2020.09.27"]
[Round "6.1"]
[White "Kumpulainen, Jari"]
[Black "Piho, Juha"]
[Result "1/2-1/2"]
[ECO "B07"]
[WhiteElo "1912"]
[BlackElo "1915"]
[Annotator "ChessBase"]
[PlyCount "22"]
[EventDate "2020.09.24"]
[EventType "tourn"]
[EventCountry "FIN"]
[SourceTitle "playchess.com"]
[Source "ChessBase"]
[SourceQuality "1"]
[TimeControl "40/5400+30:1800+30"]

1. e4 g6 2. Bc4 Bg7 3. Nc3 d6 4. d4 c6 5. Nge2 Nf6 6. f3 Qc7 7. Be3 b5 8. Bd3 b4 9. Na4 Nbd7 10. c4 e5 11. d5 Bf8 1/2-1/2

[Event "FIN-ch Seniors 50 2020"]
[Site "Helsinki"]
[Date "2020.09.27"]
[Round "6.2"]
[White "Hamalainen, Sami"]
[Black "Lyly, Seppo"]
[Result "1/2-1/2"]
[ECO "C54"]
[WhiteElo "2182"]
[BlackElo "1880"]
[Annotator "ChessBase"]
[PlyCount "63"]
[EventDate "2020.09.24"]
[EventType "tourn"]
[EventCountry "FIN"]
[SourceTitle "playchess.com"]
[Source "ChessBase"]
[SourceQuality "1"]
[TimeControl "40/5400+30:1800+30"]

1. e4 e5 2. Nf3 Nc6 3. Bc4 Bc5 4. c3 Qe7 5. O-O Nf6 6. d3 d6 7. b4 Bb6 8. a4 a5 9. b5 Nd8 10. Ba3 O-O 11. Nbd2 Bg4 12. h3 Bh5 13. Qb3 Qd7 14. d4 Re8 15. Rfe1 Bxf3 16. Nxf3 exd4 17. e5 d5 18. exf6 dxc4 19. Rxe8+ Qxe8 20. Qxc4 dxc3 21. Qg4 Ne6 22. Re1 g6 23. Ng5 Qd7 24. Nxe6 fxe6 25. Qc4 Kf7 26. Qxc3 Bd4 27. Qf3 c5 28. bxc6 bxc6 29. Rd1 e5 30. Qb3+ Kxf6 31. Rd3 Kg7 32. Kh1 1/2-1/2

[Event "FIN-ch Seniors 50 2020"]
[Site "Helsinki"]
[Date "2020.09.27"]
[Round "6.3"]
[White "Vainikainen, Tommi"]
[Black "Salimaki, Janne"]
[Result "0-1"]
[ECO "B22"]
[WhiteElo "1850"]
[BlackElo "2092"]
[Annotator "ChessBase"]
[PlyCount "76"]
[EventDate "2020.09.24"]
[EventType "tourn"]
[EventCountry "FIN"]
[SourceTitle "playchess.com"]
[Source "ChessBase"]
[SourceQuality "1"]
[TimeControl "40/5400+30:1800+30"]

1. e4 c5 2. c3 Nf6 3. e5 Nd5 4. d4 cxd4 5. cxd4 e6 6. Nf3 d6 7. Bc4 Nb6 8. Bb3 dxe5 9. dxe5 Qxd1+ 10. Kxd1 Nc6 11. Nc3 a6 12. Bf4 Nd7 13. Ke2 Be7 14. Rac1 h6 15. h4 Nc5 16. Bc2 b6 17. a3 a5 18. Ne4 Ba6+ 19. Ke3 O-O 20. Rhd1 Rfd8 21. Ne1 Bf8 22. Nd3 Nxe4 23. Kxe4 Bb7 24. Ke3 Nd4 25. f3 Rac8 26. Bb1 Nf5+ 27. Kf2 Nxh4 28. Be3 Rxc1 29. Rxc1 Ba6 30. Bxb6 Rd5 31. Rc3 Ng6 32. g3 Nxe5 33. Nxe5 Rxe5 34. Be4 Rb5 35. Bd4 Rxb2+ 36. Ke3 Re2+ 37. Kf4 g5+ 38. Ke5 Bg7+ 0-1

[Event "FIN-ch Seniors 50 2020"]
[Site "Helsinki"]
[Date "2020.09.27"]
[Round "6.4"]
[White "Salmenkivi, Eero"]
[Black "Salmi, Ilkka"]
[Result "1-0"]
[ECO "C54"]
[WhiteElo "2053"]
[BlackElo "1870"]
[Annotator "ChessBase"]
[PlyCount "31"]
[EventDate "2020.09.24"]
[EventType "tourn"]
[EventCountry "FIN"]
[SourceTitle "playchess.com"]
[Source "ChessBase"]
[SourceQuality "1"]
[TimeControl "40/5400+30:1800+30"]

1. e4 e5 2. Nf3 Nc6 3. Bc4 Bc5 4. c3 Nf6 5. d4 exd4 6. e5 Qe7 7. O-O Nxe5 8. Re1 d6 9. cxd4 Bb4 10. dxe5 Bxe1 11. exf6 Bxf2+ 12. Kxf2 Qxf6 13. Nc3 O-O 14. Nd5 Qd8 15. Bg5 Qd7 16. Qd4 1-0

[Event "FIN-ch Seniors 50 2020"]
[Site "Helsinki"]
[Date "2020.09.27"]
[Round "7.4"]
[White "Piho, Juha"]
[Black "Hamalainen, Sami"]
[Result "1/2-1/2"]
[ECO "C19"]
[WhiteElo "1915"]
[BlackElo "2182"]
[Annotator "ChessBase"]
[PlyCount "34"]
[EventDate "2020.09.24"]
[EventType "tourn"]
[EventCountry "FIN"]
[SourceTitle "playchess.com"]
[Source "ChessBase"]
[SourceQuality "1"]
[TimeControl "40/5400+30:1800+30"]

1. e4 e6 2. d4 d5 3. Nc3 Bb4 4. e5 c5 5. a3 Bxc3+ 6. bxc3 Qc7 7. Nf3 b6 8. Bd3 Ba6 9. O-O Ne7 10. Bxa6 Nxa6 11. Qe2 Nb8 12. a4 Nd7 13. Ng5 h6 14. Qh5 g6 15. Qh3 cxd4 16. cxd4 Nf5 17. c3 Rg8 1/2-1/2